 Dungeon Crawl Stone Soup version 0.26.1-11-gd32895ea62 (webtiles) character file.

Game seed: 13295796007828213300

2410 RaHiT the Covert (level 9, -1/59 HPs)
             Began as an Octopode Delver on Apr 16, 2021.
             Was a High Priest of Cheibriados.
             Engulfed by a cloud of flame (60 damage)
             ... on level 7 of the Dungeon.
             The game lasted 00:47:15 (5987 turns).

RaHiT the Covert (Octopode Delver)                  Turns: 5987, Time: 00:47:15

Health: -1/59      AC:  1    Str: 25    XL:     9   Next: 47%
Magic:  13/13      EV: 32    Int: 30    God:    Cheibriados [*****.]
Gold:   115        SH:  0    Dex: 27    Spells: 6/14 levels left

rFire    . . .     SeeInvis .     - Unarmed
rCold    . . .     Faith    .   (no shield)
rNeg     . . .     Spirit   .   (helmet restricted)
rPois    .         Reflect  .   D - amulet of the acrobat
rElec    .         Harm     .   E - ring of willpower
rCorr    .         Rampage  .   (no ring)
Will     +....                  (no ring)
Stlth    ++++++....             (no ring)
HPRegen  0.19/turn              (no ring)
MPRegen  0.13/turn              (no ring)
                                (no ring)
                                (no ring)

@: acrobat, very slow
A: almost no armour, stealthy swim, amphibious, 8 rings, constrict 8, camouflage
1, gelatinous body 1
a: Renounce Religion, Bend Time, Temporal Distortion, Slouch, Step From Time


You were on level 7 of the Dungeon.
You worshipped Cheibriados.
Cheibriados was extremely pleased with you.
You visited 2 branches of the dungeon, and saw 8 of its levels.

You collected 415 gold pieces.
You spent 300 gold pieces at shops.

Inventory:

Hand Weapons
 w - a cursed +0 short sword
 y - a +1 short sword of venom
Missiles
 b - 262 stones
 c - 48 poisoned darts (quivered)
 h - 49 sling bullets
 j - 7 boomerangs
 l - 7 atropa-tipped darts
 r - 54 bolts
 B - 2 curare-tipped darts
Armour
 v - a +0 kite shield
Jewellery
 D - an amulet of the acrobat (around mantle)
 E - a ring of willpower (left tentacle)
Wands
 e - a wand of digging (3)
 q - a wand of flame (13)
Scrolls
 a - 2 scrolls of fog
 f - a scroll of enchant armour {unknown}
 g - 2 scrolls of immolation {unknown}
 i - 5 scrolls of remove curse
 m - a scroll of fear
 s - a scroll of enchant weapon {unknown}
 z - 2 scrolls of teleportation {unknown}
 A - a scroll of blinking {unknown}
Potions
 d - a potion of resistance
 k - 2 potions of invisibility
 n - 2 potions of curing
 o - a potion of ambrosia {unknown}
 p - a potion of heal wounds
 t - 2 potions of lignification
 u - 2 potions of flight
 x - a potion of berserk rage
 C - a potion of magic


   Skills:
 * Level 4.5 Fighting
 * Level 4.5 Throwing
 * Level 4.6 Dodging
 * Level 9.8 Stealth
 + Level 2.8 Shields
 * Level 4.8 Unarmed Combat
 * Level 3.1 Spellcasting
 * Level 1.5 Transmutations
 + Level 4.0 Invocations
 + Level 3.4 Evocations


You had 6 spell levels left.
You knew the following spells:

 Your Spells              Type           Power        Failure   Level
a - Beastly Appendage     Tmut           26%          3%          1
b - Wereblood             Tmut           13%          6%          2
c - Blade Hands           Tmut           6%           71%         5

Your spell library contained the following spells:

 Spells                   Type           Power        Failure   Level
 Spider Form              Tmut/Pois      4%           16%         3
 Ice Form                 Ice/Tmut       9%           45%         4


Dungeon Overview and Level Annotations

Branches:
Dungeon (7/15)             Temple (1/1) D:5

Altars:
Ashenzari
Cheibriados
Dithmenos
Elyvilon
Fedhas
Gozag
Hepliaklqana
Kikubaaqudgha
Makhleb
Nemelex Xobeh
Okawaru
Qazlal
Ru
Sif Muna
Trog
Uskayaw
Vehumet
Wu Jian
Xom
Yredelemnul
Zin
The Shining One

Shops:
D:5 ::}(

Annotations:
D:2 Natasha
D:7 exclusion: centaur


Innate Abilities, Weirdness & Mutations

You cannot wear most types of armour.
You are very stealthy in the water. (Stealth+)
You are amphibious.
You can wear up to eight rings at the same time.
You can use your tentacles to constrict eight enemies at once.
Your skin changes colour to match your surroundings (Stealth+).
Your rubbery body absorbs attacks. (AC +1, EV +1)


Message History

Your transformation is almost over.
Found 12 gold pieces.
The helpless centaur fails to defend itself.
You bludgeon the centaur!
You pierce the centaur.
You squeeze the centaur.
The centaur is severely wounded.
The centaur closely misses you. x2
You bludgeon the centaur!
You kill the centaur!
Cheibriados thoroughly appreciates the change of pace.
Your Invocations skill increases to level 4!
Really walk into a travel-excluded area?
Okay, then.
Really walk into a travel-excluded area?
Your tentacle spike disappears.
Found a blackened lead wand.
Things that are here:
a +1 shortbow of flaming; 25 arrows You are engulfed in blazing flames.
Ouch! That really hurt!
You die...

#.# #.#..##..
#.#####...#####
#.#..##.#
#..○○☼..!/.° §.
#.#..##.#
#..°○§..($.° ○(
#.#..##.#
##.°§§.....
.##.#..##.#
#####...#
#.#.#..##.. #○§○#
#(..#..#### #☼§°#
#..##..#### #§@°#
#.##.....#
#..)######.###.##.#
##..........##.# #
#########..##.##.#
#..#.....#
#########.....####
#.........#......#
..#
#.#########.#.##.#
..# #.# #.#.##.#


There were no monsters in sight!

Vanquished Creatures
  A hornet (D:7)
  Menkaure (D:6)
  An orc warrior (D:6)
  3 ogres
  An ice beast (D:7)
  5 phantoms
  A centaur (D:7)
  A bullfrog (D:7)
  A scorpion (D:6)
  2 howler monkeys
  2 hounds
  2 quasits
  A bullfrog skeleton (D:4)
  2 jellies (D:6)
  An orc priest (D:6)
  A centaur skeleton (D:7)
  4 orc wizards
  3 iguanas
  Natasha (D:2)
  4 worker ants
  A hound skeleton (D:6)
  A worker ant zombie (D:7)
  2 gnolls
  12 adders
  4 white imps
  2 ufetubi (D:6)
  8 worms
  4 dart slugs
  2 leopard geckos
  25 orcs
  5 bats
  5 giant cockroaches
  11 goblins
  10 hobgoblins
  19 jackals
  5 quokkas
  A ball python zombie (D:5)
  4 frilled lizards
  A giant cockroach zombie (D:5)
  8 kobolds
  2 quokka skeletons (D:5)
  A quokka zombie (D:5)
  6 rats
177 creatures vanquished.

Vanquished Creatures (others)
  A bullfrog (D:7)
1 creature vanquished.

Grand Total: 178 creatures vanquished

Notes
Turn   | Place    | Note
-------+----------+-------------------------------------------
     0 | D:5      | RaHiT the Octopode Delver began the quest for the Orb.
     0 | D:5      | Reached XP level 1. HP: 16/16 MP: 1/1
     1 | D:5      | Noticed a phantom
    16 | D:5      | Found Omnorr's Antique Weapon Shoppe.
    18 | D:5      | Found Ipnoh's Gadget Boutique.
    39 | D:5      | Found a staircase to the Ecumenical Temple.
    41 | D:5      | Found Giokh's Book Shop.
    48 | Temple   | Entered the Ecumenical Temple
   470 | D:4      | Reached XP level 2. HP: 17/21 MP: 2/2
   496 | D:4      | Noticed a howler monkey
   610 | D:4      | Noticed a phantom
   805 | D:3      | Reached XP level 3. HP: 26/26 MP: 3/3
   885 | D:3      | Found an iron altar of Okawaru.
   885 | D:3      | Found a snail-covered altar of Cheibriados.
   886 | D:3      | Found a stormy altar of Qazlal.
   895 | D:3      | Became a worshipper of Cheibriados the Contemplative
   954 | D:2      | Reached skill level 7 in Stealth
  1008 | D:2      | Reached skill level 1 in Throwing
  1008 | D:2      | Reached skill level 1 in Evocations
  1008 | D:2      | Reached XP level 4. HP: 24/31 MP: 4/4
  1112 | D:2      | Reached * piety under Cheibriados
  1235 | D:2      | Reached skill level 1 in Invocations
  1589 | D:2      | Noticed Natasha
  1595 | D:2      | Killed Natasha
  1596 | D:2      | Reached XP level 5. HP: 36/36 MP: 6/6
  1771 | D:1      | Reached skill level 1 in Spellcasting
  1888 | D:1      | Reached ** piety under Cheibriados
  2690 | D:3      | Reached *** piety under Cheibriados
  2706 | D:3      | Found a bloodstained altar of Trog.
  2773 | D:3      | Reached XP level 6. HP: 36/42 MP: 7/7
  2828 | D:3      | Found an iron altar of Okawaru.
  3192 | D:4      | Reached skill level 1 in Shields
  3203 | D:4      | Reached skill level 8 in Stealth
  3203 | D:4      | Reached XP level 7. HP: 14/46 MP: 9/9
  3256 | D:4      | Reached **** piety under Cheibriados
  3881 | D:5      | Found Feceowan's Book Boutique.
  3896 | D:5      | Reached XP level 8. HP: 52/52 MP: 11/11
  3955 | D:5      | Reached ***** piety under Cheibriados
  4258 | D:6      | Reached skill level 9 in Stealth
  4342 | D:6      | Found a shadowy altar of Dithmenos.
  4390 | D:6      | Noticed Menkaure
  4394 | D:6      | Killed Menkaure
  4592 | D:5      | Bought a book of Changes for 300 gold pieces
  4594 | D:5      | Learned a level 1 spell: Beastly Appendage
  4597 | D:5      | Learned a level 2 spell: Wereblood
  4603 | D:5      | Learned a level 5 spell: Blade Hands
  4744 | D:6      | Reached XP level 9. HP: 51/58 MP: 12/12
  4828 | D:6      | Found a glowing golden altar of the Shining One.
  4891 | D:6      | Found a shimmering altar of Xom.
  4892 | D:6      | Found a shimmering altar of Xom.
  4892 | D:6      | Found a shimmering altar of Xom.
  4893 | D:6      | Found a shimmering altar of Xom.
  4893 | D:6      | Found a shimmering altar of Xom.
  5579 | D:7      | Reached skill level 1 in Transmutations
  5581 | D:7      | Noticed a hornet
  5588 | D:7      | Killed a hornet
  5987 | D:7      | Engulfed by a cloud of flame

Illustrated notes

Levels and vault maps discovered:
D:1:      lightli_arrival_maybe_door_vault, layout_rooms
D:2:      layout_loops_ring, kennysheep_generic_room_5, uniq_natasha
D:3:      layout_basic, gammafunk_temple_overflow_claw, lemuel_round_altar,
          okawaru_altar_gauntlet_db
D:4:      layout_basic
D:5:      layout_basic, minmay_temple_entry_steel_oval, serial_shops, shop,
          shop, nicolae_shop_trees, nicolae_shop_waterfront
D:6:      layout_loops_ring, grunt_dithmenos_shadows, kennysheep_mini_moat,
          xom_redecorated, uniq_menkaure
D:7:      layout_basic, lemuel_flame_loot_1
Temple:   minmay_temple_bridge_d

Skill      XL: |  1  2  3  4  5  6  7  8  9 |
---------------+----------------------------+-----
Stealth        | 7 8 9 |  9.8
Throwing       | 1 2 3 4 |  4.5
Evocations     | 1 2 3 |  3.4
Invocations    | 1 2 3 4 |  4.0
Spellcasting   | 1 2 3 |  3.1
Unarmed Combat | 3 4 |  4.8
Dodging        | 3 4 |  4.6
Shields        | 1 2 |  2.8
Fighting       | 4 |  4.5
Transmutations | 1 |  1.5

Action                   |  1- 3 |  4- 6 |  7- 9 || total
-------------------------+-------+-------+-------++-------
Melee: Unarmed           |    40 |   149 |   156 ||   345
       Constrict         |    14 |    51 |    45 ||   110
       Tentacles         |    12 |    46 |    46 ||   104
       Punch             |     3 |     2 |     9 ||    14
       Kick              |       |       |    23 ||    23
Throw: Stone             |     4 |     8 |    34 ||    46
       Dart              |     3 |   103 |    67 ||   173
       Boomerang         |       |     9 |    72 ||    81
 Cast: Beastly Appendage |       |       |     8 ||     8
  Use: Scroll            |     2 |     2 |     7 ||    11
       Potion            |     1 |     1 |     1 ||     3
 Stab: Sleeping          |     7 |    12 |     5 ||    24
       Invisible         |       |       |     2 ||     2
Armor: Skin              |     6 |     9 |     3 ||    18
Dodge: Dodged            |    24 |    88 |    77 ||   189
